TOP OF THE 1ST |
Washington Nationals batting - Pitching for San Francisco Giants : RHP Curt Howland
|
Pitching: RHP Curt Howland
|
|
Batting: SHB Andrew Wray II
|
0-0: Called Strike 0-1: Ball 1-1: Called Strike 1-2: Fly out, F9 (Flyball, 89S, EV 80.0 MPH)
|
Batting: RHB Tommy Baird
|
0-0: Called Strike 0-1: Called Strike 0-2: Foul Ball, location: 2F 0-2: Ball 1-2: Fly out, F9 (Flyball, 9LM, EV 99.4 MPH)
|
Batting: LHB R.J. O'Brien
|
0-0: Fly out, F5 (Popup, 5F, EV 64.4 MPH)
|
Top of the 1st over - 0 runs, 0 hits, 0 errors, 0 left on base; Washington 0 - San Francisco 0 |
BOTTOM OF THE 1ST |
San Francisco Giants batting - Pitching for Washington Nationals : LHP Tim Wybenga
|
Pitching: LHP Tim Wybenga
|
|
Batting: RHB Jason May
|
0-0: Ball 1-0: Ball 2-0: Called Strike 2-1: Called Strike 2-2: Foul Ball, location: 2F 2-2: Ball 3-2: SINGLE (Groundball, 6MD, EV 102.5 MPH)
|
Batting: RHB Nick Rigden
|
0-0: Ball 1-0: Called Strike 1-1: Foul Ball, location: 2F 1-2: Strikes out swinging
|
Batting: LHB Jack Henningar
|
0-0: Called Strike 0-1: Ball 1-1: Ball Jason May steals 2nd base (no throw) 2-1: Swinging Strike 2-2: Foul Ball, location: 2F 2-2: Foul Ball, location: 2F 2-2: Ball 3-2: Strikes out swinging
|
Batting: RHB Jim Zucco
|
0-0: Ground out 4-3 (Groundball, 34, EV 99.4 MPH)
|
Bottom of the 1st over - 0 runs, 1 hit, 0 errors, 1 left on base; Washington 0 - San Francisco 0 |
TOP OF THE 2ND |
Washington Nationals batting - Pitching for San Francisco Giants : RHP Curt Howland
|
Batting: RHB John Sanders
|
0-0: Called Strike 0-1: Ball 1-1: Ball 2-1: Fly out, F8 (Flyball, 8LD, EV 98.8 MPH)
|
Batting: LHB Armando Carbajal
|
0-0: Ball 1-0: Ball 2-0: Swinging Strike 2-1: Foul Ball, location: 2F 2-2: Ball 3-2: Strikes out swinging
|
Batting: SHB Junzo Kato
|
0-0: Foul Ball, location: 2F 0-1: Called Strike 0-2: Ball 1-2: Strikes out swinging
|
Top of the 2nd over - 0 runs, 0 hits, 0 errors, 0 left on base; Washington 0 - San Francisco 0 |
BOTTOM OF THE 2ND |
San Francisco Giants batting - Pitching for Washington Nationals : LHP Tim Wybenga
|
Batting: SHB Ryan Doss
|
0-0: Fly out, F7 (Flyball, 7, EV 87.5 MPH)
|
Batting: LHB Willis Robles
|
0-0: Ball 1-0: Called Strike 1-1: Ball 2-1: Ground out 6-3 (Groundball, P, EV 93.8 MPH)
|
Batting: RHB Henri Cederberg
|
0-0: Ball 1-0: SINGLE (Flyball, 78S, EV 88.1 MPH)
|
Batting: RHB Xavier Castellanos
|
0-0: Foul Ball, location: 2F 0-1: Called Strike 0-2: Ball 1-2: Ball 2-2: Strikes out looking
|
Bottom of the 2nd over - 0 runs, 1 hit, 0 errors, 1 left on base; Washington 0 - San Francisco 0 |
TOP OF THE 3RD |
Washington Nationals batting - Pitching for San Francisco Giants : RHP Curt Howland
|
Batting: LHB Yasahiko Teshima
|
0-0: Called Strike 0-1: DOUBLE (Line Drive, 89XD, EV 99.4 MPH)
|
Batting: RHB Dan Fallon
|
0-0: Ball 1-0: Foul Ball, location: 2F 1-1: Ball 2-1: Foul Ball, location: 2F 2-2: Strikes out swinging
|
Batting: RHB Masashi Yukizawa
|
0-0: Ball 1-0: Ball 2-0: Ball 3-0: SINGLE (Line Drive, 89M, EV 100.0 MPH) Yasahiko Teshima to third Runner from 3rd tries for Home, SAFE, throw by CF to home
|
Batting: SHB Andrew Wray II
|
0-0: Ball 1-0: Called Strike 1-1: Ball 2-1: Foul Ball, location: 2F 2-2: Ball Masashi Yukizawa steals 2nd base 3-2: Foul Ball, location: 2F 3-2: Base on Balls
|
Batting: RHB Tommy Baird
|
0-0: Ball 1-0: Foul Ball, location: 2F 1-1: Ball 2-1: Swinging Strike 2-2: Ball 3-2: Base on Balls Masashi Yukizawa to third Andrew Wray II to second
|
Batting: LHB R.J. O'Brien
|
0-0: Foul Ball, location: 2F 0-1: Foul Ball, location: 2F 0-2: Ball 1-2: Foul Ball, location: 2F 1-2: Strikes out swinging
|
Batting: RHB John Sanders
|
0-0: Called Strike 0-1: Ball 1-1: Called Strike 1-2: Ball 2-2: Strikes out swinging
|
Top of the 3rd over - 1 run, 2 hits, 0 errors, 3 left on base; Washington 1 - San Francisco 0 |
BOTTOM OF THE 3RD |
San Francisco Giants batting - Pitching for Washington Nationals : LHP Tim Wybenga
|
Batting: SHB Bill Dooms
|
0-0: Called Strike 0-1: Called Strike 0-2: Ball 1-2: Ground out 6-3 (Groundball, 6M, EV 81.2 MPH)
|
Batting: RHB Jason May
|
0-0: Ball 1-0: Ball 2-0: SINGLE (Groundball, 25, EV 70.0 MPH) (infield hit)
|
Batting: RHB Nick Rigden
|
0-0: Ball 1-0: Called Strike 1-1: Ball 2-1: SINGLE (Groundball, 4, EV 108.8 MPH) (infield hit) Jason May to second
|
Batting: LHB Jack Henningar
|
0-0: Ball 1-0: Called Strike 1-1: Foul Ball, location: 2F 1-2: Grounds into double play, U6-3 (Groundball, 4MD, EV 86.9 MPH)
|
Bottom of the 3rd over - 0 runs, 2 hits, 0 errors, 1 left on base; Washington 1 - San Francisco 0 |
TOP OF THE 4TH |
Washington Nationals batting - Pitching for San Francisco Giants : RHP Curt Howland
|
Batting: LHB Armando Carbajal
|
0-0: Swinging Strike 0-1: Swinging Strike 0-2: Ball 1-2: Ball 2-2: Foul Ball, location: 2F 2-2: Strikes out swinging
|
Batting: SHB Junzo Kato
|
0-0: Called Strike 0-1: Ball 1-1: Called Strike 1-2: Ball 2-2: SINGLE (Groundball, 56D, EV 100.0 MPH)
|
Batting: LHB Yasahiko Teshima
|
0-0: SINGLE (Flyball, 8LS, EV 91.9 MPH) Junzo Kato to second Runner from 2nd tries for 3rd, SAFE, throw by CF made to third
|
Batting: RHB Dan Fallon
|
0-0: Ball 1-0: Foul Ball, location: 2F 1-1: Ball 2-1: Ground out 5-3 (Groundball, 56, EV 85.6 MPH) Junzo Kato scores Yasahiko Teshima to second
|
Batting: RHB Masashi Yukizawa
|
0-0: Called Strike 0-1: Foul Ball, location: 2F 0-2: Strikes out looking
|
Top of the 4th over - 1 run, 2 hits, 0 errors, 1 left on base; Washington 2 - San Francisco 0 |
BOTTOM OF THE 4TH |
San Francisco Giants batting - Pitching for Washington Nationals : LHP Tim Wybenga
|
Batting: RHB Jim Zucco
|
0-0: Called Strike 0-1: Ball 1-1: Ground out U3 (Groundball, 34, EV 108.1 MPH)
|
Batting: SHB Ryan Doss
|
0-0: Ball 1-0: Ball 2-0: Called Strike 2-1: Ground out 4-3 (Groundball, 4, EV 98.1 MPH)
|
Batting: LHB Willis Robles
|
0-0: Called Strike 0-1: DOUBLE (Line Drive, 78D, EV 105.6 MPH)
|
Batting: RHB Henri Cederberg
|
0-0: Fly out, F7 (Flyball, 7LD, EV 101.9 MPH)
|
Bottom of the 4th over - 0 runs, 1 hit, 0 errors, 1 left on base; Washington 2 - San Francisco 0 |
TOP OF THE 5TH |
Washington Nationals batting - Pitching for San Francisco Giants : RHP Curt Howland
|
Batting: SHB Andrew Wray II
|
0-0: Foul Ball, location: 2F 0-1: Ball 1-1: Foul Ball, location: 2F 1-2: Foul Ball, location: 2F 1-2: Ball 2-2: Strikes out swinging
|
Batting: RHB Tommy Baird
|
0-0: Called Strike 0-1: Foul Ball, location: 2F 0-2: SOLO HOME RUN (Flyball, 7LD, EV 94.4 MPH), Distance : 354 ft
|
Batting: LHB R.J. O'Brien
|
0-0: Called Strike 0-1: Ball 1-1: Ball 2-1: Foul Ball, location: 2F 2-2: Ball 3-2: Base on Balls
|
Batting: RHB John Sanders
|
0-0: Called Strike 0-1: Swinging Strike 0-2: Ball 1-2: Fly out, F8 (Flyball, 8RS, EV 90.0 MPH)
|
Batting: LHB Armando Carbajal
|
0-0: Foul Ball, location: 2F 0-1: Foul Ball, location: 2F 0-2: Ball 1-2: Ball R.J. O'Brien steals 2nd base 2-2: Foul Ball, location: 2F 2-2: Strikes out swinging
|
Top of the 5th over - 1 run, 1 hit, 0 errors, 1 left on base; Washington 3 - San Francisco 0 |
BOTTOM OF THE 5TH |
San Francisco Giants batting - Pitching for Washington Nationals : LHP Tim Wybenga
|
Batting: RHB Xavier Castellanos
|
0-0: Ball 1-0: Ground out 6-3 (Groundball, 6, EV 85.6 MPH)
|
Batting: SHB Bill Dooms
|
0-0: Called Strike 0-1: Ball 1-1: Swinging Strike 1-2: Strikes out swinging
|
Batting: RHB Jason May
|
0-0: Ball 1-0: Foul Ball, location: 2F 1-1: Swinging Strike 1-2: Ball 2-2: Ball 3-2: Base on Balls
|
Batting: RHB Nick Rigden
|
0-0: Ball 1-0: SINGLE (Groundball, 6D, EV 101.9 MPH) Jason May to second
|
Batting: LHB Jack Henningar
|
0-0: Foul Ball, location: 2F 0-1: Ball 1-1: Ball 2-1: Foul Ball, location: 2F 2-2: Ball 3-2: Foul Ball, location: 2F 3-2: Foul Ball, location: 2F 3-2: Base on Balls Jason May to third Nick Rigden to second
|
Batting: RHB Jim Zucco
|
0-0: Called Strike 0-1: Ball 1-1: Called Strike 1-2: Foul Ball, location: 2F 1-2: Ball 2-2: Strikes out swinging
|
Bottom of the 5th over - 0 runs, 1 hit, 0 errors, 3 left on base; Washington 3 - San Francisco 0 |
TOP OF THE 6TH |
Washington Nationals batting - Pitching for San Francisco Giants : RHP Curt Howland
|
Pitching: RHP Johnny Munoz
|
|
Batting: SHB Junzo Kato
|
0-0: Ball 1-0: Called Strike 1-1: Fly out, F4 (Popup, 4S, EV 65.0 MPH)
|
Batting: LHB Yasahiko Teshima
|
0-0: Ball 1-0: SINGLE (Line Drive, 7S, EV 108.1 MPH)
|
Batting: RHB Dan Fallon
|
0-0: Ball 1-0: Swinging Strike 1-1: Foul Ball, location: 2F 1-2: DOUBLE (Flyball, 8LXD, EV 96.9 MPH) Yasahiko Teshima to third
|
Batting: RHB Masashi Yukizawa
|
0-0: Foul Ball, location: 2F 0-1: Fly out, F8 (Line Drive, 8LD, EV 89.4 MPH) Runner from 3rd tags up, SCORES, no throw by CF
|
Batting: SHB Andrew Wray II
|
0-0: Ball 1-0: SINGLE (Flyball, 9LS, EV 95.0 MPH) Dan Fallon to third Runner from 3rd tries for Home, SAFE, throw by RF to home
|
Batting: RHB Tommy Baird
|
0-0: Ball 1-0: Ball 2-0: Ball 3-0: Base on Balls Andrew Wray II to second
|
Batting: LHB R.J. O'Brien
|
0-0: Ball 1-0: Ball 2-0: Fly out, F9 (Line Drive, 9D, EV 92.5 MPH)
|
Top of the 6th over - 2 runs, 3 hits, 0 errors, 2 left on base; Washington 5 - San Francisco 0 |
BOTTOM OF THE 6TH |
San Francisco Giants batting - Pitching for Washington Nationals : LHP Tim Wybenga
|
Batting: SHB Ryan Doss
|
0-0: Foul Ball, location: 2F 0-1: Ball 1-1: Called Strike 1-2: Foul Ball, location: 2F 1-2: Ball 2-2: SOLO HOME RUN (Flyball, 7D, EV 99.4 MPH), Distance : 390 ft
|
Batting: LHB Willis Robles
|
0-0: Called Strike 0-1: SINGLE (Groundball, 3D, EV 101.9 MPH)
|
Batting: RHB Henri Cederberg
|
0-0: Ball 1-0: Ball 2-0: Called Strike 2-1: Called Strike 2-2: Foul Ball, location: 2F 2-2: Fly out, F9 (Flyball, 9S, EV 90.6 MPH)
|
Batting: RHB Xavier Castellanos
|
0-0: Ball Willis Robles steals 2nd base 1-0: Ball 2-0: Ground out 3-1 (Groundball, 34, EV 98.8 MPH) Willis Robles to third
|
Batting: SHB Bill Dooms
|
0-0: Ball 1-0: DOUBLE (Line Drive, 78M, EV 98.8 MPH) Willis Robles scores
|
Batting: RHB Jason May
|
0-0: Ball 1-0: Ball 2-0: Ball 3-0: Swinging Strike 3-1: Base on Balls
|
Pitching: LHP Keith Pratt
|
|
Batting: RHB Nick Rigden
|
0-0: Ground out 5-3 (Groundball, 56S, EV 83.1 MPH)
|
Bottom of the 6th over - 2 runs, 3 hits, 0 errors, 2 left on base; Washington 5 - San Francisco 2 |
TOP OF THE 7TH |
Washington Nationals batting - Pitching for San Francisco Giants : RHP Johnny Munoz
|
Pitching: RHP Ben Sheets
|
|
Batting: RHB John Sanders
|
0-0: Called Strike 0-1: Swinging Strike 0-2: Strikes out swinging
|
Batting: LHB Armando Carbajal
|
0-0: Swinging Strike 0-1: Ball 1-1: Called Strike 1-2: Foul Ball, location: 2F 1-2: Ball 2-2: Foul Ball, location: 2F 2-2: Strikes out looking
|
Batting: SHB Junzo Kato
|
0-0: Ball 1-0: Foul Ball, location: 2F 1-1: Swinging Strike 1-2: Strikes out swinging, 2-3 out at first.
|
Top of the 7th over - 0 runs, 0 hits, 0 errors, 0 left on base; Washington 5 - San Francisco 2 |
BOTTOM OF THE 7TH |
San Francisco Giants batting - Pitching for Washington Nationals : LHP Keith Pratt
|
Batting: LHB Jack Henningar
|
0-0: Ball 1-0: Called Strike 1-1: Swinging Strike 1-2: DOUBLE (Flyball, 78D, EV 110.6 MPH)
|
Batting: RHB Jim Zucco
|
0-0: Ball 1-0: Fly out, F8 (Flyball, 8RXD, EV 93.1 MPH) Runner from 2nd tags up, SAFE at 3rd, no throw by CF
|
Batting: SHB Ryan Doss
|
0-0: SINGLE (Groundball, 6M, EV 105.0 MPH) (infield hit) Jack Henningar scores
|
Batting: LHB Willis Robles
|
0-0: Foul Ball, location: 2F 0-1: Ball 1-1: Foul Ball, location: 2F 1-2: Fly out, F9 (Line Drive, 9D, EV 95.0 MPH)
|
Batting: RHB Henri Cederberg
|
0-0: Ball 1-0: Ball 2-0: Called Strike 2-1: Foul Ball, location: 2F 2-2: SINGLE (Groundball, 6S, EV 67.5 MPH) (infield hit) Ryan Doss to second
|
Batting: RHB Xavier Castellanos
|
0-0: Called Strike 0-1: Called Strike 0-2: Ball 1-2: Ball 2-2: Strikes out swinging
|
Bottom of the 7th over - 1 run, 3 hits, 0 errors, 2 left on base; Washington 5 - San Francisco 3 |
TOP OF THE 8TH |
Washington Nationals batting - Pitching for San Francisco Giants : RHP Ben Sheets
|
Pitching: RHP Micah Teller
|
|
Batting: LHB Yasahiko Teshima
|
0-0: Ball 1-0: Foul Ball, location: 2F 1-1: Called Strike 1-2: Ball 2-2: Ground out 4-3 (Groundball, 4, EV 87.5 MPH)
|
Batting: RHB Dan Fallon
|
0-0: Fly out, F8 (Flyball, 78D, EV 100.6 MPH)
|
Batting: RHB Masashi Yukizawa
|
0-0: Called Strike 0-1: Ball 1-1: Ball 2-1: Ball 3-1: Called Strike 3-2: Strikes out looking
|
Top of the 8th over - 0 runs, 0 hits, 0 errors, 0 left on base; Washington 5 - San Francisco 3 |
BOTTOM OF THE 8TH |
San Francisco Giants batting - Pitching for Washington Nationals : LHP Keith Pratt
|
Pitching: LHP Chris Baran
|
|
Batting: SHB Bill Dooms
|
0-0: Ball 1-0: Called Strike 1-1: Ball 2-1: Foul Ball, location: 2F 2-2: Strikes out swinging
|
Batting: RHB Jason May
|
0-0: Ball 1-0: Called Strike 1-1: Ball 2-1: Foul Ball, location: 2F 2-2: Ball 3-2: Base on Balls
|
Batting: RHB Nick Rigden
|
0-0: Foul Ball, location: 2F 0-1: Ball 1-1: Ball 2-1: Ball 3-1: Fly out, F9 (Flyball, 89S, EV 86.9 MPH)
|
Batting: LHB Jack Henningar
|
0-0: Ball 1-0: Fly out, F7 (Flyball, 7, EV 95.6 MPH)
|
Bottom of the 8th over - 0 runs, 0 hits, 0 errors, 1 left on base; Washington 5 - San Francisco 3 |
TOP OF THE 9TH |
Washington Nationals batting - Pitching for San Francisco Giants : RHP Micah Teller
|
Batting: SHB Andrew Wray II
|
0-0: Called Strike 0-1: Ball 1-1: Foul Ball, location: 2F 1-2: Ball 2-2: SINGLE (Line Drive, 6D, EV 106.9 MPH)
|
Batting: RHB Tommy Baird
|
0-0: Ball 1-0: Called Strike 1-1: Ball Andrew Wray II steals 2nd base 2-1: Foul Ball, location: 2F 2-2: Ball 3-2: Ground out 6-3 (Groundball, 6S, EV 68.1 MPH) Andrew Wray II to third
|
Batting: LHB R.J. O'Brien
|
0-0: Intentional Walk
|
Batting: RHB John Sanders
|
0-0: Swinging Strike 0-1: Called Strike 0-2: Ball 1-2: Ball 2-2: Strikes out looking
|
Batting: LHB Armando Carbajal
|
0-0: Ball 1-0: Ball 2-0: Swinging Strike 2-1: Swinging Strike 2-2: Strikes out swinging
|
Top of the 9th over - 0 runs, 1 hit, 0 errors, 2 left on base; Washington 5 - San Francisco 3 |
BOTTOM OF THE 9TH |
San Francisco Giants batting - Pitching for Washington Nationals : LHP Chris Baran
|
Pitching: RHP Manuel Romero
|
|
Now in RF: Luis Ramos
|
|
Batting: RHB Jim Zucco
|
0-0: Ground out 6-3 (Groundball, 6, EV 107.5 MPH)
|
Batting: SHB Ryan Doss
|
0-0: Ball 1-0: Ball 2-0: Ground out U3 (Groundball, 3, EV 96.9 MPH)
|
Batting: LHB Willis Robles
|
0-0: Ball 1-0: Foul Ball, location: 2F 1-1: Foul Ball, location: 2F 1-2: Foul Ball, location: 2F 1-2: SINGLE (Flyball, 78M, EV 93.8 MPH)
|
Batting: RHB Henri Cederberg
|
0-0: Fly out, F4 (Popup, 4, EV 71.2 MPH)
|
Bottom of the 9th over - 0 runs, 1 hit, 0 errors, 1 left on base; Washington 5 - San Francisco 3 |
|